 Dungeon Crawl Stone Soup version 0.23.1 (webtiles) character file.

Game seed: 0

7436 lextramoth the Transmogrifier (level 11, -6/80 HPs)
             Began as a Merfolk Transmuter on Mar 4, 2019.
             Was a High Priest of Okawaru.
             Mangled by a komodo dragon (23 damage)
             ... on level 1 of the Lair of Beasts.
             The game lasted 01:18:02 (13611 turns).

lextramoth the Transmogrifier (Merfolk Transmuter) Turns: 13611, Time: 01:18:03

Health: -6/80      AC: 10    Str: 10    XL:     11   Next: 15%
Magic:  17/21      EV: 21    Int: 18    God:    Okawaru [*****.]
Gold:   553        SH:  0    Dex: 16    Spells: 12/24 levels left

rFire    . . .     SeeInvis +     - Unarmed
rCold    . . .     Gourm    .   (shield currently unavailable)
rNeg     + . .     Faith    .   C - +2 robe {rN+}
rPois    .         Spirit   .   M - +2 helmet {SInv}
rElec    .         Reflect  .   v - +1 cloak {MR+}
rCorr    .         Harm     .   (gloves currently unavailable)
MR       +....                  (no boots)
Stlth    +++.......             (no amulet)
HPRegen  0.23/turn              K - +1 ring of protection
MPRegen  0.17/turn              D - +3 ring of intelligence

@: blade hands, heroism
A: change form in water, swift swim, stealthy swim
a: End Transformation, Heroism, Finesse, Renounce Religion


You were on level 1 of the Lair of Beasts.
You worshipped Okawaru.
Okawaru was extremely pleased with you.
You were hungry.
You had blades for hands.
You visited 3 branches of the dungeon, and saw 11 of its levels.

You collected 553 gold pieces.

Inventory:

Hand Weapons
 a - a +0 hunting sling (melded)
Missiles
 e - 310 stones
 j - 54 sling bullets
 t - 6 tomahawks (quivered)
 x - 2 javelins
 A - 2 throwing nets
 E - 38 arrows
Armour
 l - a +0 shield
 r - a +0 scale mail of positive energy
 v - a +1 cloak of magic resistance (worn)
 C - a +2 robe of positive energy (worn)
 M - a +2 helmet of see invisible (worn)
Magical Staves
 w - an uncursed staff of wizardry
Jewellery
 u - a +1 ring of protection
 D - a +3 ring of intelligence (right scythe-like blade)
 H - an uncursed ring of resist corrosion
 K - a +1 ring of protection (left scythe-like blade)
Wands
 G - a wand of acid (7) {cosplay}
Scrolls
 b - 2 scrolls of fog {unknown}
 g - 2 scrolls of remove curse
 h - 5 scrolls of teleportation
 o - 2 scrolls of fear
 p - 3 scrolls of blinking
 y - 7 scrolls of identify
 F - a scroll of enchant weapon {unknown}
 I - a scroll of enchant armour {unknown}
 L - a scroll of silence {unknown}
Potions
 c - a potion of agility {unknown}
 d - 3 potions of haste
 i - a potion of brilliance {unknown}
 m - 3 potions of heal wounds
 n - 2 potions of mutation {unknown}
 q - 2 potions of curing
 s - 4 potions of lignification {unknown}
 z - 2 potions of ambrosia {unknown}
 B - a potion of degeneration {unknown}
 J - a potion of might {unknown}
 O - a potion of flight {unknown}
Comestibles
 f - 9 rations
 N - 3 chunks of flesh


   Skills:
 + Level 5.2(10.2) Fighting
 + Level 7.2(12.2) Dodging
 + Level 7.9(12.9) Unarmed Combat
 - Level 7.0 Spellcasting
 - Level 3.0 Hexes
 - Level 0.5 Translocations
 - Level 12.0 Transmutations
 - Level 4.4 Poison Magic
 + Level 5.2 Invocations


You had 12 spell levels left.
You knew the following spells:

 Your Spells              Type           Power        Failure   Level  Hunger
a - Blade Hands           Tmut           #####.....   22%         5    #####..
d - Confusing Touch       Hex            ###...       26%         1    None
f - Spider Form           Tmut/Pois      #####.....   16%         3    ##.....
s - Sticks to Snakes      Tmut           #####...     8%          2    None
A - Apportation           Tloc           #.....       43%         1    None

Your spell library contained the following spells:

 Spells                   Type           Power        Failure   Level  Hunger
 Beastly Appendage        Tmut           #####.       7%          1    None
 Ice Form                 Ice/Tmut       ####....     43%         4    ####...
 Animate Skeleton         Necr           N/A          47%         1    None
 Flame Tongue             Conj/Fire      #....        47%         1    None
 Magic Dart               Conj           #...         47%         1    None
 Summon Small Mammal      Summ           #...         47%         1    None
 Searing Ray              Conj           #.....       56%         2    None
 Throw Flame              Conj/Fire      #.....       56%         2    None
 Dazzling Spray           Conj/Hex       ##....       58%         3    ##.....
 Inner Flame              Hex/Fire       ##......     58%         3    ##.....
 Conjure Flame            Conj/Fire      #.......     75%         3    ##.....
 Fulminant Prism          Conj/Hex       ##........   87%         4    ####...
 Force Lance              Conj/Tloc      #.......     95%         4    ####...
 Iskenderun's Mystic Bla  Conj           #.......     96%         4    ####...
 Sticky Flame             Conj/Fire      #.......     96%         4    ####...
 Fireball                 Conj/Fire      #.........   100%        5    #####..


Dungeon Overview and Level Annotations

Branches:
Dungeon (9/15)             Temple (1/1) D:7            Lair (1/6) D:9
    Orc: D:9-12

Altars:
Ashenzari
Cheibriados
Dithmenos
Elyvilon
Fedhas
Gozag
Hepliaklqana
Kikubaaqudgha
Makhleb
Nemelex Xobeh
Okawaru
Qazlal
Ru
Sif Muna
Trog
Uskayaw
Vehumet
Wu Jian
Xom
Yredelemnul
Zin
The Shining One

Shops:
D:7 }   D:8 :[

Annotations:
D:2 Sigmund
D:3 Grinder
D:4 3 runed translucent doors, exclusion: 3 doors, P0WERM0DE's ghost, weakling DDFi; Skippwaahh's ghost, amateur MfMo; Thargor's ghost, weakling HuFE; guttsta's ghost, amateur GnWn; rumpelstilzz's ghost, amateur TrAM
D:6 Menkaure
D:8 1 runed translucent door, exclusion: door, guttsta's ghost, novice SpEn


Message History

You are feeling hungry.
You slice the komodo dragon!!
The komodo dragon is heavily wounded.
The komodo dragon bites you!!
You hit the komodo dragon but do no damage.
The komodo dragon is heavily wounded.
The komodo dragon bites you!
You gain the combat prowess of a mighty hero.
The komodo dragon completely misses you.
You slash the komodo dragon!
The komodo dragon is severely wounded.
The komodo dragon bites you!
* * * LOW HITPOINT WARNING * * *
You fail to use your ability.
The komodo dragon barely misses you.
You slash the komodo dragon!
The komodo dragon is almost dead.
You hit the komodo dragon. Your slash misses the komodo dragon.
The komodo dragon is almost dead.
The komodo dragon bites you!!
You die...

.....#....#♣♣...♣♣♣♣
.....#....#
♣♣.♣.♣)♣♣
..........#
♣♣♣♣...♣♣♣
.....#....# ♣♣♣.♣.♣
..........# ♣♣..♣
.....# ..# ♣..♣♣
.....# ...# ♣♣.♣♣
##.###....# ♣♣..♣
..S.......# ♣@♣♣♣
..S.......# ♣l♣
..........# ♣.♣
..###.....# .♣♣
..........# .
..........# ♣. #
..........# .♣ #
....#.....# . ##
....#.....# #.


You could see a komodo dragon.

Vanquished Creatures
  Erolcha (D:9)
  A black mamba (Lair:1)
  A spiny frog (Lair:1)
  Prince Ribbit (D:8)
  3 spriggans
  3 basilisks
  5 yaks
  A hungry ghost (D:7)
  A porcupine (Lair:1)
  An orc warrior (D:9)
  An ice beast (D:8)
  2 sky beasts
  A necrophage (D:8)
  2 phantoms
  An ogre (D:8)
  2 centaurs
  2 big kobolds
  Blork the orc (D:6)
  3 bullfrogs
  A scorpion (D:7)
  5 killer bees (D:8)
  2 wights (D:6)
  2 howler monkeys
  An electric eel (D:9)
  2 jellies
  3 hounds
  Crazy Yiuf (D:5)
  2 centaur skeletons
  4 orc priests
  2 bullfrog skeletons (D:9)
  Jessica (D:2)
  3 iguanas
  Ijyb (D:5)
  Natasha (D:2)
  5 orc wizards
  6 worker ants
  A hound zombie (D:8)
  2 hound skeletons
  A worker ant zombie (D:5)
  7 gnolls
  2 howler monkey skeletons
  8 adders
  A shadow imp (Temple)
  An ooze (D:2)
  An adder zombie (D:5)
  6 worms
  A dart slug (D:2)
  7 leopard geckos
  19 orcs
  4 ball pythons
  8 bats
  4 giant cockroaches
  3 goblins
  4 hobgoblins
  7 jackals
  17 kobolds
  5 quokkas
  4 frilled lizards
  A jackal skeleton (D:8)
  2 leopard gecko zombies
  A quokka zombie (D:8)
  4 rats
196 creatures vanquished.

Vanquished Creatures (collateral kills)
  A hydra (Lair:1)
  A two-headed ogre (D:8)
  A spiny frog (Lair:1)
  A hippogriff (D:9)
  4 yaks (Lair:1)
  A water moccasin (Lair:1)
  A necrophage (D:7)
  A wight (D:6)
  Natasha (D:2)
  4 orcs
  A plant (Lair:1)
17 creatures vanquished.

Vanquished Creatures (others)
  A fungus (D:9)
  4 plants (D:8)
5 creatures vanquished.

Grand Total: 218 creatures vanquished

Notes
Turn   | Place    | Note
-------+----------+-------------------------------------------
     0 | D:1      | lextramoth the Merfolk Transmuter began the quest for the
                  | Orb.
     0 | D:1      | Reached XP level 1. HP: 15/15 MP: 3/3
   195 | D:1      | Reached XP level 2. HP: 19/21 MP: 3/5
   329 | D:1      | Reached skill level 3 in Transmutations
  1065 | D:1      | Reached XP level 3. HP: 26/26 MP: 6/6
  1209 | D:2      | Noticed Sigmund
  1318 | D:2      | Learned a level 2 spell: Sticks to Snakes
  1322 | D:2      | Learned a level 3 spell: Spider Form
  1860 | D:2      | Noticed Jessica
  1876 | D:2      | Killed Jessica
  1876 | D:2      | Reached XP level 4. HP: 33/33 MP: 0/7
  1968 | D:2      | Noticed Natasha
  1994 | D:2      | Killed Natasha
  2260 | D:2      | Reached skill level 1 in Poison Magic
  2344 | D:2      | Noticed Natasha
  2362 | D:2      | Killed Natasha
  2560 | D:2      | Reached XP level 5. HP: 37/39 MP: 6/8
  2578 | D:3      | Reached skill level 4 in Transmutations
  3328 | D:3      | Noticed Grinder
  3393 | D:2      | Reached XP level 6. HP: 21/46 MP: 9/9
  3807 | D:3      | Noticed an ice beast
  4204 | D:4      | Reached skill level 5 in Transmutations
  5293 | D:4      | Noticed P0WERM0DE's ghost (weakling DDFi)
  5293 | D:4      | Noticed rumpelstilzz's ghost (amateur TrAM)
  5294 | D:4      | Found a runed translucent gate.
  5294 | D:4      | Noticed Thargor's ghost (weakling HuFE)
  5294 | D:4      | Noticed guttsta's ghost (amateur GnWn)
  5295 | D:4      | Noticed Skippwaahh's ghost (amateur MfMo)
  5296 | D:4      | Found a runed translucent gate.
  5296 | D:4      | Found a runed translucent gate.
  5379 | D:5      | Entered Level 5 of the Dungeon
  5457 | D:4      | Reached XP level 7. HP: 15/52 MP: 8/10
  5736 | D:5      | Reached skill level 6 in Transmutations
  6081 | D:5      | Reached skill level 5 in Unarmed Combat
  6121 | D:5      | Noticed Ijyb
  6133 | D:5      | Killed Ijyb
  6212 | D:5      | Found a runed translucent door.
  6215 | D:5      | Noticed Crazy Yiuf
  6239 | D:5      | Killed Crazy Yiuf
  6493 | D:6      | Noticed Menkaure
  6573 | D:6      | Noticed Blork the orc
  6901 | D:6      | Reached XP level 8. HP: 58/58 MP: 4/12
  7191 | D:6      | Killed Blork the orc
  7191 | D:6      | Reached skill level 5 in Dodging
  7191 | D:6      | Reached skill level 7 in Transmutations
  7746 | D:7      | Found a shimmering altar of Xom.
  7908 | D:7      | Found Urirraju's Gadget Shoppe.
  7950 | D:7      | Noticed a spriggan baker
  7962 | D:7      | Killed a spriggan baker
  7962 | D:7      | Reached skill level 8 in Transmutations
  8005 | D:7      | Found a staircase to the Ecumenical Temple.
  8024 | Temple   | Entered the Ecumenical Temple
  8232 | Temple   | Became a worshipper of Warmaster Okawaru
  8515 | D:7      | Found a white marble altar of Elyvilon.
  8536 | D:7      | Reached skill level 9 in Transmutations
  8536 | D:7      | Reached XP level 9. HP: 65/65 MP: 10/13
  8607 | D:7      | Reached skill level 1 in Invocations
  9062 | D:8      | Noticed Prince Ribbit
  9071 | D:8      | Killed Prince Ribbit
  9071 | D:8      | Reached * piety under Okawaru
  9183 | D:8      | Learned a level 5 spell: Blade Hands
  9197 | D:8      | Found Saezou's Antique Armour Shop.
  9214 | D:8      | Found a runed translucent door.
  9215 | D:8      | Identified the +10 trident of the Trees {elec, MP+9 Str+2
                  | Dex+2}
  9229 | D:8      | Noticed a polar bear
  9244 | D:8      | Noticed guttsta's ghost (novice SpEn)
  9519 | D:8      | Reached ** piety under Okawaru
  9526 | D:8      | Noticed a two-headed ogre
  9534 | D:8      | Reached skill level 5 in Spellcasting
  9562 | D:8      | Killed a two-headed ogre
  9562 | D:8      | Reached *** piety under Okawaru
  9562 | D:8      | Reached skill level 10 in Transmutations
  9879 | D:8      | Found Puevym's Book Shoppe.
  9973 | D:8      | Reached XP level 10. HP: 67/71 MP: 17/19
 10549 | D:9      | Reached skill level 11 in Transmutations
 10698 | D:9      | Noticed Erolcha
 10714 | D:9      | Killed Erolcha
 10714 | D:9      | Reached **** piety under Okawaru
 11036 | D:9      | Learned a level 1 spell: Apportation
 11038 | D:9      | Learned a level 1 spell: Confusing Touch
 11371 | D:9      | Found a staircase to the Lair.
 11457 | D:9      | Found a blossoming altar of Fedhas.
 11721 | Lair:1   | Entered Level 1 of the Lair of Beasts
 11721 | Lair:1   | Noticed a spiny frog
 11730 | Lair:1   | Killed a spiny frog
 11730 | Lair:1   | Reached skill level 1 in Hexes
 11838 | Lair:1   | Reached skill level 12 in Transmutations
 12188 | Lair:1   | Noticed a spiny frog
 12219 | Lair:1   | Killed a spiny frog
 12219 | Lair:1   | Reached ***** piety under Okawaru
 12266 | Lair:1   | Noticed a five-headed hydra
 12574 | Lair:1   | Killed a five-headed hydra
 12574 | Lair:1   | Received a gift from Okawaru
 12942 | Lair:1   | Reached XP level 11. HP: 70/78 MP: 12/21
 13058 | Lair:1   | Reached skill level 5 in Fighting
 13058 | Lair:1   | Reached skill level 5 in Invocations
 13611 | Lair:1   | Mangled by a komodo dragon

Skill      XL: |  1  2  3  4  5  6  7  8  9 10 11 |
---------------+----------------------------------+-----
Dodging        | 3 4 6 7 |  7.2
Transmutations | 3 4 5 6 9 10 12 | 12.0
Fighting       | 2 3 4 5 |  5.2
Poison Magic   | 1 2 3 4 |  4.4
Unarmed Combat | 4 5 7 |  7.9
Spellcasting   | 3 6 7 |  7.0
Invocations    | 4 5 |  5.2
Hexes          | 3 |  3.0
Translocations | |  0.5

Action                   |  1- 3 |  4- 6 |  7- 9 | 10-12 || total
-------------------------+-------+-------+-------+-------++-------
Melee: Unarmed           |    85 |   211 |   260 |   133 ||   689
       Headbutt          |     8 |    29 |       |       ||    37
       Punch             |     1 |     4 |     3 |     3 ||    11
       Staff             |       |       |    15 |       ||    15
       Quarterstaff      |       |       |    42 |       ||    42
 Fire: Hunting sling     |       |       |    26 |     8 ||    34
Throw: Tomahawk          |    17 |    15 |     5 |     1 ||    38
       Stone             |     1 |     5 |     1 |       ||     7
       Javelin           |       |       |     6 |       ||     6
 Cast: Beastly Appendage |    19 |    27 |       |     1 ||    47
       Sticks to Snakes  |     2 |     7 |    14 |    38 ||    61
       Spider Form       |       |     5 |    30 |     7 ||    42
       Blade Hands       |       |       |     3 |    10 ||    13
       Apportation       |       |       |       |     5 ||     5
       Confusing Touch   |       |       |       |     2 ||     2
Invok: Heroism           |       |       |       |     3 ||     3
  Use: Scroll            |     1 |     6 |     9 |     1 ||    17
       Potion            |       |       |       |     2 ||     2
 Stab: Distracted        |       |     1 |       |       ||     1
       Sleeping          |       |     4 |       |       ||     4
  Eat: Chunk             |     2 |     4 |     5 |     6 ||    17
       Ration            |     1 |     2 |     6 |     2 ||    11
Armor: Robe              |    20 |    24 |    25 |    16 ||    85
       Skin              |       |       |     8 |     1 ||     9
Dodge: Dodged            |    67 |   149 |   265 |    86 ||   567
